Map: Catallena LE (Void)

Players

Winthrowe

  • Race: Terran Terran
  • League: Silver
  • Spawn Location: 5:00

Nikitta

  • Race: Zerg Zerg

VOD

Have the link to the VOD?

Description

Time

  • Played on: Aug. 20, 2017, 5:24 p.m.
  • Length: 17:58
Show
View Real Time Build Order
Export as new Build Order

Winthrowe Terran 

Build Orders:  

Get SALT Encoding   

  12  0:03  SCV  
  13  0:26  Supply Depot  
  13  0:35  SCV  
  14  0:52  SCV  
  14  0:59  Refinery  
  15  1:09  SCV  
  16  1:26  SCV  
  17  1:34  Barracks  
  17  1:43  SCV  
  18  2:00  SCV  
  19  2:34  Command Center  
  19  2:41  Marine  
  20  2:52  SCV  
  21  3:01  Refinery  
  21  3:03  Factory  
  21  3:09  SCV  
  22  3:19  Barracks Tech Lab  
  22  3:38  SCV  
  23  4:15  SCV, Starport  
  24  4:24  Hellion  
  24  4:27  Supply Depot  
  26  4:35  SCV  
  27  4:44  Marauder  
  29  4:52  SCV  
  29  4:53  Stimpack  
  29  4:58  SCV  
  29  4:59  Supply Depot  
  31  5:05  Factory Tech Lab  
  31  5:09  SCV  
  32  5:12  Factory Reactor  
  32  5:15  SCV  
  33  5:23  Refinery  
  33  5:26  SCV  
  34  5:37  Marauder  
  36  5:44  Supply Depot  
  36  5:59  SCV  
  37  6:06  Marine  
  38  6:16  SCV  
  38  6:17  Supply Depot  
  39  6:31  Marine  
  39  6:39  SCV  
  41  6:56  Marauder  
  43  7:04  Medivac, Bunker  
  45  7:14  Barracks  
  45  7:43  Combat Shields  
  45  7:49  Bunker  
  43  8:24  SCV  
  43  8:29  Marauder  
  47  8:41  SCV x2  
  47  8:43  Barracks Tech Lab  
  47  8:47  Barracks Reactor  
  48  8:58  SCV x2  
  48  8:59  Marauder  
  52  9:01  Hellion  
  52  9:02  Hellion  
  56  9:14  SCV  
  56  9:15  SCV  
  56  9:19  Supply Depot  
  58  9:20  Starport Tech Lab  
  58  9:29  Marine  
  59  9:31  SCV, Hellion  
  59  9:32  SCV, Hellion  
  59  9:33  Concussive Shells  
  65  9:46  Bunker  
  65  9:49  SCV  
  66  9:51  Engineering Bay  
  66  10:01  Engineering Bay, Hellion  
  66  10:02  Hellion  
  69  10:29  Armory, Bunker  
  67  10:31  Hellion  
  67  10:32  Unknown, Hellion  
  67  10:38  Marauder  
  67  10:39  Marine  
  68  10:40  Marine, Fusion Core  
  68  10:43  Medivac  
  71  11:01  Hellion x2  
  71  11:04  Marine  
  71  11:05  Marine  
  77  11:29  Marine  
  78  11:35  Supply Depot  
  78  11:45  Terran Infantry Weapons Level 1  
  78  11:48  Terran Infantry Armor Level 1  
  78  11:55  Marine x2  
  78  12:04  Marauder, Medivac  
  78  12:05  Hellion x2  
  78  12:07  Supply Depot  
  82  12:20  Marine  
  83  12:30  Command Center  
  83  12:34  Marauder  
  83  12:37  Hellion x2  
  89  12:41  Supply Depot  
  89  12:46  Viking  
  91  12:59  Terran Vehicle And Ship Armor Level 1  
  91  13:04  Marauder  
  93  13:12  Supply Depot  
  93  13:20  Unknown  
  95  13:34  Barracks  
  95  13:35  Unknown  
  95  13:36  Battlecruiser  
  99  13:44  Weapon Refit  
  95  14:13  Supply Depot  
  95  14:16  Unknown  
  91  14:22  Marauder  
  91  14:23  Marine x2  
  91  14:25  Hellion x2  
  99  14:31  Refinery  
  99  14:48  Marine  
  99  14:52  Marauder  
  99  14:55  Hellion x2  
  99  14:57  Unknown  
  105  15:06  Medivac  
  105  15:25  Hellion  
  107  15:48  Medivac  
  109  15:56  Marauder  
  109  15:57  Marine x2  
  113  16:00  Hellion x2  
  113  16:09  Supply Depot  
  115  16:22  Marine x2  
  115  16:26  Marauder  
  115  16:29  Unknown  
  115  16:30  Hellion  
  123  16:42  Supply Depot  
  121  16:52  Bunker  
Show
View Real Time Build Order
Export as new Build Order

Nikitta Zerg 

Build Orders:  

Get SALT Encoding   

Tags
 
Add a new tag
Caveats
  • Supply blocks, unpowered buildings, or Contaminate may cause inaccurate times.
  • Supply counts are checked every 10 seconds.